Map: Ujari

Players

A.I. 1 (Elite)

  • Race: Protoss Protoss
  • Spawn Location: 0:00

A.I. 2 (Elite)

  • Race: Zerg Zerg
  • Spawn Location: 9:00

A.I. 3 (Elite)

  • Race: Zerg Zerg
  • Spawn Location: 3:00

A.I. 4 (Elite)

  • Race: Protoss Protoss
  • Spawn Location: 0:00

A.I. 5 (Elite)

  • Race: Terran Terran
  • Spawn Location: 3:00

A.I. 6 (Elite)

  • Race: Terran Terran
  • Spawn Location: 9:00

VOD

Have the link to the VOD?

Description

Time

  • Played on: Aug. 23, 2017, 4:50 p.m.
  • Length: 37:01
Show
View Real Time Build Order
Export as new Build Order

A.I. 1 (Elite) Protoss 

Build Orders: 1 Gate Expand 

Get SALT Encoding   

  12  0:03  Probe (Chrono Boost)  
  14  0:15  Probe (Chrono Boost)  
  14  0:21  Pylon  
  14  0:27  Probe (Chrono Boost)  
  15  0:41  Probe (Chrono Boost)  
  16  0:52  Gateway  
  16  0:53  Probe (Chrono Boost)  
  18  1:05  Probe (Chrono Boost)  
  18  1:17  Nexus, Probe (Chrono Boost)  
  19  1:29  Probe (Chrono Boost)  
  20  1:41  Pylon  
  20  1:42  Zealot, Probe (Chrono Boost)  
  23  1:49  Cybernetics Core  
  23  1:53  Assimilator  
  23  2:01  Probe (Chrono Boost)  
  24  2:13  Probe (Chrono Boost)  
  25  2:25  Probe (Chrono Boost)  
  27  2:30  Pylon, Probe (Chrono Boost)  
  28  2:37  Probe (Chrono Boost)  
  28  2:39  Warp Gate  
  28  2:42  Probe (Chrono Boost)  
  29  2:44  Gateway  
  29  2:48  Assimilator  
  29  2:50  Probe (Chrono Boost)  
  30  2:58  Stalker  
  32  3:02  Pylon  
  32  3:03  Probe (Chrono Boost)  
  34  3:06  Probe (Chrono Boost)  
  34  3:15  Probe (Chrono Boost)  
  34  3:18  Probe (Chrono Boost)  
  36  3:28  Adept  
  36  3:31  Adept  
  36  3:32  Probe (Chrono Boost)  
  42  3:34  Probe (Chrono Boost)  
  42  3:36  Robotics Facility  
  42  3:44  Probe (Chrono Boost)  
  42  3:46  Probe (Chrono Boost)  
  44  3:55  Adept  
  47  3:56  Probe (Chrono Boost)  
  47  3:58  Adept, Probe (Chrono Boost)  
  50  4:08  Probe (Chrono Boost)  
  52  4:11  Probe (Chrono Boost)  
  52  4:20  Probe (Chrono Boost)  
  52  4:22  Adept  
  52  4:23  Pylon, Probe (Chrono Boost)  
  56  4:25  Adept  
  59  4:31  Robotics Bay  
  59  4:33  Probe (Chrono Boost)  
  59  4:40  Pylon  
  59  4:45  Gateway  
  59  4:46  Observer  
  62  4:53  Pylon, Probe (Chrono Boost)  
  62  4:54  Probe (Chrono Boost)  
  62  5:08  Robotics Facility  
  62  5:14  Stalker  
  64  5:18  Zealot  
  66  5:22  Pylon  
  66  5:37  Stalker, Pylon  
  66  5:39  Zealot  
  66  5:40  Zealot  
  66  5:41  Gateway  
  72  5:47  Assimilator  
  72  5:48  Probe (Chrono Boost)  
  73  5:53  Forge  
  73  5:56  Twilight Council  
  73  5:58  Nexus  
  73  5:59  Zealot  
  73  6:00  Stalker  
  73  6:02  Assimilator  
  77  6:13  Probe (Chrono Boost)  
  77  6:14  Probe (Chrono Boost)  
  80  6:26  Probe (Chrono Boost)  
  80  6:27  Probe (Chrono Boost)  
  80  6:37  Forge  
  80  6:38  Probe (Chrono Boost)  
  80  6:39  Probe (Chrono Boost)  
  82  6:41  Templar Archives  
  82  6:50  Zealot x2  
  82  6:51  Zealot x2  
  82  6:52  Pylon  
  90  7:10  Zealot  
  90  7:11  Zealot  
  90  7:12  Sentry  
  90  7:14  Zealot  
  90  7:15  Probe (Chrono Boost)  
  99  7:17  Probe (Chrono Boost)  
  99  7:18  Assimilator  
  99  7:19  Probe (Chrono Boost)  
  101  7:29  Probe (Chrono Boost)  
  103  7:31  Probe (Chrono Boost), High Templar  
  103  7:32  Stalker, Pylon, Probe (Chrono Boost)  
  103  7:34  Zealot, Assimilator  
  103  7:35  Zealot  
  113  7:45  Probe (Chrono Boost)  
  114  7:52  Probe (Chrono Boost)  
  114  7:54  Probe (Chrono Boost)  
  114  7:55  Zealot  
  114  7:56  Zealot  
  114  7:58  Probe (Chrono Boost)  
  120  8:00  Stalker, Pylon  
  120  8:04  Stalker, Probe (Chrono Boost)  
  125  8:16  Zealot  
  125  8:17  High Templar  
  125  8:19  Probe (Chrono Boost)  
  131  8:21  Probe (Chrono Boost)  
  131  8:23  Zealot  
  131  8:24  Probe (Chrono Boost)  
  134  8:27  Stalker  
  134  8:31  Probe (Chrono Boost)  
  137  8:34  Pylon  
  137  8:35  Archon  
  137  8:36  Zealot  
  139  8:43  High Templar  
  139  8:48  Protoss Ground Weapons Level 1  
  141  8:49  Protoss Ground Armor Level 1  
  141  8:55  Probe (Chrono Boost)  
  143  8:56  Probe (Chrono Boost)  
  143  8:57  Sentry, Probe (Chrono Boost)  
  143  8:58  High Templar  
  148  9:05  Pylon  
  148  9:07  Probe (Chrono Boost)  
  149  9:10  Charge, Psionic Storm  
  149  9:18  Archon  
  149  9:20  Photon Cannon  
  149  9:24  Zealot, Nexus  
  151  9:25  Stalker  
  151  9:26  Stalker  
  155  9:32  High Templar  
  155  9:34  Pylon  
  157  9:46  Pylon  
  157  9:52  High Templar  
  159  9:53  Stalker  
  159  9:55  Stalker  
  159  9:57  Observer  
  159  9:59  Observer  
  165  10:07  Photon Cannon  
  165  10:10  Stalker  
  167  10:18  Stalker, Warp Prism  
  167  10:19  Warp Prism  
  167  10:20  Pylon  
  171  10:26  Zealot  
  169  10:30  Photon Cannon  
  169  10:33  Zealot  
  167  10:35  Sentry  
  167  10:42  Sentry, Photon Cannon  
  171  10:46  Zealot  
  165  10:53  Photon Cannon  
  165  10:54  Immortal  
  165  10:55  Immortal  
  173  11:05  Pylon  
  173  11:06  Archon  
  173  11:07  Assimilator  
  173  11:09  High Templar  
  175  11:12  Assimilator  
  175  11:20  High Templar  
  175  11:21  Pylon  
  177  11:33  Immortal, Photon Cannon  
  177  11:35  Immortal  
  184  11:49  Photon Cannon  
  180  12:01  Archon  
  180  12:04  High Templar  
  180  12:05  Photon Cannon  
  182  12:11  Zealot  
  182  12:12  Immortal, Probe (Chrono Boost)  
  182  12:13  Colossus  
  182  12:15  High Templar  
  197  12:34  Photon Cannon  
  197  12:37  Protoss Ground Weapons Level 2, Probe (Chrono Boost)  
  195  12:42  Probe (Chrono Boost)  
  195  12:43  Protoss Ground Armor Level 2  
  194  12:44  Pylon, Probe (Chrono Boost)  
  194  12:45  Archon  
  194  12:51  Probe (Chrono Boost)  
  188  12:53  High Templar  
  189  13:02  High Templar  
  188  13:07  Probe (Chrono Boost)  
  184  13:13  Probe (Chrono Boost)  
  179  13:22  Resonating Glaives  
  179  13:26  Observer Gravitic Boosters  
  167  13:38  Probe (Chrono Boost)  
  167  13:39  Probe (Chrono Boost)  
  158  13:41  High Templar  
  158  13:43  Zealot  
  158  13:44  Zealot  
  158  13:47  Zealot  
  123  13:50  Probe (Chrono Boost)  
  123  13:53  Probe (Chrono Boost)  
  122  13:55  Immortal  
  122  13:57  Immortal  
  124  14:05  High Templar  
  124  14:07  Zealot  
  124  14:08  Sentry  
  130  14:12  Probe (Chrono Boost)  
  130  14:13  Stalker, Probe (Chrono Boost)  
  134  14:27  Zealot  
  136  14:34  Zealot, Probe (Chrono Boost)  
  136  14:35  Immortal  
  136  14:36  Photon Cannon, Immortal  
  136  14:37  Probe (Chrono Boost)  
  148  14:39  Zealot  
  148  14:40  Stalker  
  152  14:55  Nexus  
  152  15:02  Nexus  
  152  15:12  Probe (Chrono Boost)  
  152  15:13  Zealot, Nexus  
  156  15:14  Probe (Chrono Boost)  
  156  15:18  Zealot  
  156  15:20  Protoss Ground Weapons Level 3  
  158  15:21  Protoss Ground Armor Level 3  
  158  15:27  Nexus  
  158  15:37  Pylon  
  158  15:46  Assimilator  
  158  15:54  Colossus  
  158  15:55  Assimilator  
  166  15:57  Probe (Chrono Boost)  
  166  15:58  Probe (Chrono Boost)  
  166  16:06  Photon Cannon  
  166  16:07  Immortal  
  166  16:09  Probe (Chrono Boost)  
  166  16:11  Probe (Chrono Boost)  
  172  16:13  Probe (Chrono Boost)  
  172  16:16  Probe (Chrono Boost)  
  174  16:22  Probe (Chrono Boost)  
  174  16:24  Probe (Chrono Boost)  
  177  16:25  Probe (Chrono Boost)  
  177  16:27  Adept, Pylon, Probe (Chrono Boost)  
  177  16:29  Zealot  
  168  16:33  Zealot  
  168  16:34  Probe (Chrono Boost)  
  168  16:36  Zealot, Probe (Chrono Boost)  
  168  16:38  Probe (Chrono Boost)  
  161  16:40  Probe (Chrono Boost)  
  161  16:42  Probe (Chrono Boost)  
  161  16:46  Probe (Chrono Boost)  
  153  16:48  Zealot  
  153  16:49  Probe (Chrono Boost)  
  153  16:50  Zealot, Probe (Chrono Boost)  
  153  16:53  Probe (Chrono Boost)  
  158  16:54  Colossus  
  158  16:55  Probe (Chrono Boost)  
  158  16:58  Probe (Chrono Boost)  
  158  17:00  Disruptor  
  158  17:01  Photon Cannon, Zealot, Probe (Chrono Boost)  
  166  17:08  Probe (Chrono Boost)  
  166  17:09  Stalker  
  166  17:10  Probe (Chrono Boost)  
  166  17:12  Zealot  
  166  17:13  Probe (Chrono Boost)  
  156  17:15  Probe (Chrono Boost)  
  156  17:17  Probe (Chrono Boost)  
  156  17:22  Zealot  
  148  17:25  Probe (Chrono Boost)  
  147  17:30  Pylon  
  147  17:31  Probe (Chrono Boost)  
  147  17:32  Stalker  
  147  17:33  Adept, Probe (Chrono Boost)  
  147  17:36  Probe (Chrono Boost)  
  155  17:39  Probe (Chrono Boost)  
  155  17:40  Probe (Chrono Boost)  
  155  17:42  Assimilator  
  155  17:44  Zealot, Probe (Chrono Boost)  
  158  17:45  Probe (Chrono Boost)  
  158  17:49  Zealot  
  158  17:51  Probe (Chrono Boost)  
  162  17:52  Probe (Chrono Boost)  
  162  17:54  Zealot, Probe (Chrono Boost)  
  162  17:56  Probe (Chrono Boost)  
  162  17:58  Probe (Chrono Boost)  
  167  17:59  Zealot  
  167  18:00  Photon Cannon  
  167  18:03  Probe (Chrono Boost)  
  167  18:04  Sentry  
  172  18:06  Extended Thermal Lance  
  172  18:08  Probe (Chrono Boost)  
  172  18:09  Pylon  
  172  18:10  Probe (Chrono Boost)  
  172  18:11  Probe (Chrono Boost)  
  172  18:12  Adept, Probe (Chrono Boost)  
  178  18:16  Adept  
  178  18:18  Protoss Shields Level 1  
  180  18:21  Zealot  
  176  18:27  Zealot  
  176  18:32  Zealot  
  176  18:36  Zealot  
  164  18:42  Zealot  
  166  18:48  Stalker  
  166  18:53  Zealot  
  170  18:57  Stalker  
  172  19:03  Zealot  
  174  19:10  Stargate  
  174  19:12  Stalker  
  174  19:13  Zealot  
  178  19:21  Zealot  
  180  19:24  Stalker  
  186  19:31  Immortal  
  186  19:34  Zealot  
  186  19:37  Stalker  
  190  19:41  Stalker  
  190  19:45  Colossus  
  192  19:48  Stalker  
  194  19:56  Zealot  
  194  19:59  Phoenix  
  198  20:01  Zealot  
  200  20:42  Zealot  
  198  20:45  Zealot  
  198  20:46  Zealot  
  198  20:49  Probe (Chrono Boost)  
  184  20:50  Zealot, Probe (Chrono Boost)  
  184  20:53  Probe (Chrono Boost)  
  163  20:57  Probe (Chrono Boost)  
  163  20:59  Probe (Chrono Boost)  
  163  21:01  Probe (Chrono Boost)  
  163  21:02  Zealot  
  158  21:05  Zealot  
  158  21:06  Probe (Chrono Boost)  
  158  21:09  Probe (Chrono Boost)  
  158  21:10  High Templar  
  161  21:13  Zealot, Probe (Chrono Boost)  
  161  21:17  Phoenix  
  166  21:22  Zealot  
  168  21:26  Zealot  
  170  21:33  Stalker  
  172  21:42  Phoenix, Stalker  
  172  21:44  High Templar  
  172  21:46  Stalker  
  142  21:57  Stalker  
  111  22:06  Adept  
  111  22:07  Phoenix  
  101  22:10  Stalker  
  99  22:17  Sentry  
  99  22:20  Stalker  
  99  22:27  Stalker  
  99  22:34  Stalker  
  93  22:41  Zealot  
  93  22:42  Phoenix  
  93  22:43  Zealot  
  99  22:51  Zealot  
  101  22:57  Stalker  
  103  23:01  Stalker  
  103  23:04  Stalker  
  107  23:12  Stalker  
  109  23:20  Sentry  
  109  23:25  Adept  
  113  23:27  Zealot  
  115  23:35  Zealot  
  117  23:43  Stalker  
  117  23:45  Immortal  
  117  23:46  High Templar  
  117  23:47  Zealot  
  127  23:55  Zealot  
  129  24:04  Immortal  
  129  24:06  Stalker  
  129  24:08  Zealot  
  137  24:15  Zealot  
  139  24:18  Zealot  
  141  24:29  Zealot  
  143  24:32  Zealot  
  143  24:36  Zealot  
  147  24:42  Zealot  
  149  24:49  Zealot  
  151  24:53  Zealot  
  151  24:58  Zealot  
  155  25:02  Zealot  
  155  25:06  Archon  
  157  25:10  High Templar  
  157  25:14  Zealot  
  160  25:19  Zealot  
  162  25:22  Observer  
  162  25:24  Observer  
  162  25:25  High Templar  
  164  25:34  Zealot  
  153  25:39  High Templar  
  151  25:43  High Templar  
  147  25:53  Immortal  
  147  25:55  Zealot  
  150  25:59  Zealot  
  128  26:12  High Templar  
  128  26:16  Zealot, Probe (Chrono Boost)  
  128  26:17  Zealot  
  118  26:21  Adept  
  115  26:30  Pylon  
  108  26:34  Probe (Chrono Boost)  
  108  26:37  High Templar  
  108  26:39  High Templar  
  100  26:43  Adept  
  89  26:49  Zealot  
  79  27:04  High Templar  
  79  27:05  Pylon  
  71  27:09  Zealot  
  67  27:18  Stalker  
  69  27:29  Stalker  
  71  27:40  Pylon  
  71  27:52  Stalker  
  73  28:11  Stalker  
  75  28:21  Sentry  
  77  29:40  Adept  
  77  30:51  Zealot  
  79  31:30  Stalker  
  81  31:52  Stalker  
  83  33:02  Stalker  
  85  34:01  Stalker  
  87  34:18  Sentry  
  88  35:19  Zealot  
Show
View Real Time Build Order
Export as new Build Order

A.I. 2 (Elite) Zerg 

Build Orders: Pool First 

Get SALT Encoding   

  12  0:01  Drone  
  13  0:12  Overlord  
  13  0:18  Drone  
  14  0:31  Drone x2  
  16  0:44  Spawning Pool  
  16  0:46  Drone  
  16  0:51  Drone  
  17  1:19  Hatchery, Drone  
  17  1:21  Extractor  
  17  1:23  Drone  
  17  1:27  Drone  
  17  1:31  Drone  
  19  1:40  Overlord  
  19  1:51  Drone  
  20  1:55  Queen  
  22  2:02  Zergling x2  
  23  2:13  Drone  
  24  2:23  Drone  
  25  2:31  Queen  
  25  2:33  Roach Warren  
  25  2:34  Extractor  
  25  2:38  Drone  
  26  2:44  Drone  
  27  2:53  Overlord  
  27  2:56  Drone  
  28  3:00  Drone  
  28  3:03  Drone  
  30  3:06  Drone  
  30  3:10  Drone  
  32  3:14  Zergling x2  
  32  3:17  Zergling x2  
  34  3:22  Roach  
  34  3:26  Roach  
  38  3:30  Roach  
  40  3:35  Roach  
  40  3:37  Drone  
  40  3:40  Drone  
  44  3:45  Overlord  
  44  3:52  Lair  
  44  3:57  Metabolic Boost  
  44  4:03  Overlord  
  44  4:05  Drone  
  44  4:07  Drone  
  46  4:10  Drone  
  46  4:12  Zergling x2  
  46  4:14  Zergling x2  
  49  4:17  Zergling x2  
  50  4:25  Evolution Chamber, Zergling x2  
  50  4:27  Drone  
  50  4:32  Evolution Chamber, Drone  
  50  4:34  Drone  
  50  4:37  Drone  
  52  4:38  Drone  
  52  4:41  Drone  
  54  4:52  Hydralisk Den, Drone  
  54  4:54  Zerg Missile Weapons Level 1  
  54  4:58  Zerg Ground Armor Level 1  
  54  5:01  Overlord  
  54  5:05  Roach  
  56  5:07  Roach  
  58  5:20  Drone  
  59  5:23  Hydralisk  
  59  5:24  Infestation Pit, Overlord  
  60  5:30  Drone  
  60  5:31  Drone  
  60  5:33  Drone  
  63  5:40  Extractor  
  63  5:41  Hydralisk, Drone  
  65  5:43  Overlord, Drone  
  65  5:44  Drone  
  65  5:45  Drone  
  65  5:46  Drone  
  65  5:49  Drone  
  70  5:51  Drone  
  70  5:52  Drone  
  72  6:01  Infestor  
  72  6:02  Roach  
  72  6:03  Overlord, Drone  
  77  6:04  Drone  
  77  6:08  Drone  
  77  6:09  Roach  
  81  6:13  Roach  
  83  6:21  Roach  
  83  6:22  Extractor, Overlord  
  83  6:23  Drone  
  83  6:24  Infestor  
  87  6:28  Zergling x2  
  87  6:30  Zergling x4  
  90  6:34  Evolution Chamber  
  90  6:36  Hatchery  
  90  6:37  Drone  
  90  6:38  Drone  
  90  6:44  Overlord  
  90  6:45  Drone  
  91  6:47  Drone  
  91  6:48  Zerg Melee Weapons Level 1  
  91  6:49  Zergling x2  
  93  6:54  Ravager  
  93  6:55  Baneling Nest  
  93  6:57  Roach  
  93  6:59  Roach  
  93  7:01  Roach  
  99  7:05  Overlord  
  99  7:06  Roach  
  101  7:11  Overseer  
  101  7:12  Roach  
  101  7:13  Roach  
  105  7:27  Overlord  
  105  7:32  Spire  
  104  7:38  Baneling  
  104  7:39  Zergling x2  
  104  7:41  Baneling  
  104  7:43  Baneling  
  104  7:44  Zergling x2  
  106  7:46  Baneling  
  106  7:51  Baneling  
  106  7:52  Drone  
  106  7:54  Drone  
  106  7:55  Zergling x2  
  106  7:56  Drone  
  106  7:58  Baneling  
  110  7:59  Extractor, Drone  
  110  8:00  Baneling  
  110  8:02  Drone  
  110  8:05  Extractor, Drone  
  112  8:06  Zergling x2  
  112  8:07  Overlord  
  112  8:08  Drone  
  112  8:10  Baneling  
  112  8:11  Roach  
  112  8:12  Drone  
  116  8:13  Roach  
  116  8:14  Roach  
  116  8:15  Drone  
  116  8:17  Roach  
  116  8:19  Hydralisk  
  123  8:23  Roach  
  123  8:24  Drone  
  123  8:26  Overlord, Drone  
  129  8:28  Drone  
  129  8:30  Hydralisk, Drone  
  129  8:32  Hydralisk, Drone  
  136  8:34  Centrifical Hooks  
  136  8:38  Drone  
  127  8:41  Drone  
  127  8:42  Drone  
  120  8:49  Zergling x2  
  120  8:53  Drone  
  120  8:54  Zergling x2  
  123  8:55  Drone  
  123  8:57  Zergling x2  
  123  8:58  Drone  
  123  8:59  Zergling x2  
  123  9:01  Drone  
  129  9:02  Zergling x2  
  129  9:03  Overlord  
  129  9:05  Drone  
  130  9:13  Drone  
  130  9:15  Zergling x2  
  124  9:18  Drone  
  124  9:22  Drone  
  112  9:24  Zergling x2  
  112  9:26  Roach  
  112  9:28  Roach  
  112  9:29  Roach  
  112  9:30  Zergling x2  
  106  9:32  Roach, Infestor  
  106  9:34  Roach, Infestor  
  106  9:36  Zergling x2  
  106  9:37  Baneling  
  106  9:38  Baneling  
  115  9:39  Zergling x2  
  115  9:40  Baneling  
  115  9:42  Baneling  
  115  9:43  Baneling  
  115  9:44  Baneling  
  116  9:46  Zergling x2  
  116  9:47  Zergling x2  
  116  9:49  Baneling  
  116  9:50  Zergling x2  
  116  9:51  Baneling  
  119  9:55  Zergling x2  
  119  9:58  Roach  
  119  9:59  Baneling  
  122  10:01  Roach  
  122  10:02  Zergling x2  
  122  10:03  Roach  
  122  10:04  Roach  
  122  10:05  Roach, Unknown  
  122  10:07  Roach  
  133  10:08  Roach  
  133  10:10  Roach  
  133  10:11  Overlord  
  137  10:19  Roach  
  137  10:20  Hydralisk  
  141  10:22  Hydralisk  
  143  10:30  Ravager  
  143  10:31  Mutalisk  
  143  10:33  Overlord  
  146  10:36  Roach  
  146  10:37  Hydralisk  
  146  10:39  Hydralisk  
  146  10:42  Baneling  
  152  10:44  Mutalisk  
  152  10:47  Ravager  
  152  10:48  Roach  
  152  10:49  Mutalisk  
  157  10:50  Spine Crawler  
  157  10:51  Roach  
  157  10:52  Hydralisk  
  157  10:54  Mutalisk  
  157  10:56  Overlord  
  164  10:57  Overseer  
  164  10:58  Overseer  
  164  10:59  Spine Crawler  
  163  11:04  Infestor  
  163  11:06  Zerg Melee Weapons Level 2  
  163  11:08  Zerg Missile Weapons Level 2  
  163  11:11  Mutalisk  
  165  11:12  Pneumatized Carapace, Spine Crawler  
  165  11:15  Queen  
  168  11:18  Overlord  
  168  11:19  Hydralisk  
  168  11:22  Overseer, Spine Crawler  
  169  11:32  Hydralisk, Spine Crawler  
  170  11:38  Overlord  
  170  11:39  Spine Crawler  
  169  11:40  Hydralisk  
  169  11:42  Hydralisk  
  169  11:44  Mutalisk  
  175  11:48  Infestor  
  177  11:56  Hatchery  
  177  11:58  Hatchery  
  177  11:59  Overlord  
  175  12:02  Zerg Ground Armor Level 2  
  175  12:06  Zergling x2  
  175  12:09  Queen  
  175  12:13  Spore Crawler, Corruptor  
  178  12:21  Overlord  
  178  12:26  Spore Crawler  
  177  12:38  Corruptor  
  177  12:43  Corruptor  
  181  12:47  Corruptor  
  183  12:56  Zergling x2  
  184  12:58  Overseer  
  184  12:59  Spore Crawler  
  184  13:00  Hive, Overlord  
  184  13:03  Zergling x2  
  184  13:13  Spore Crawler  
  184  13:14  Drone  
  184  13:18  Drone  
  185  13:22  Drone  
  185  13:26  Drone  
  187  13:30  Drone  
  187  13:33  Drone  
  189  13:35  Queen  
  189  13:37  Drone  
  192  13:42  Drone  
  192  13:46  Drone  
  192  13:48  Spore Crawler  
  188  13:50  Drone  
  188  13:52  Zergling x2  
  188  13:53  Drone  
  176  13:55  Zergling x2  
  176  13:57  Drone  
  176  14:00  Spine Crawler, Zergling x2  
  176  14:01  Drone  
  176  14:02  Zergling x2  
  138  14:04  Drone  
  138  14:06  Zergling x2  
  138  14:08  Drone  
  119  14:10  Roach  
  119  14:11  Roach  
  119  14:12  Hydralisk  
  119  14:14  Spine Crawler  
  119  14:15  Roach  
  119  14:16  Drone  
  121  14:18  Drone  
  121  14:20  Roach  
  121  14:21  Zergling x2  
  121  14:23  Ultralisk Cavern, Drone  
  119  14:24  Greater Spire  
  119  14:25  Zergling x2  
  119  14:27  Drone  
  119  14:29  Roach  
  119  14:30  Extractor, Roach  
  122  14:32  Roach  
  122  14:34  Hydralisk  
  122  14:36  Hydralisk  
  130  14:38  Roach  
  130  14:40  Drone  
  130  14:42  Roach  
  130  14:45  Roach  
  133  14:46  Spore Crawler, Roach  
  133  14:48  Roach, Hydralisk  
  133  14:51  Roach  
  142  14:53  Roach  
  142  14:54  Drone  
  142  14:56  Roach, Spine Crawler  
  142  14:57  Roach  
  142  14:59  Roach  
  148  15:00  Hydralisk  
  148  15:02  Drone  
  148  15:04  Roach  
  148  15:07  Roach  
  155  15:08  Roach  
  155  15:09  Spore Crawler  
  155  15:12  Extractor  
  155  15:13  Infestor  
  157  15:15  Zergling x2  
  157  15:17  Zergling x2  
  157  15:20  Zerg Missile Weapons Level 3  
  159  15:25  Spore Crawler, Roach  
  159  15:27  Zerg Melee Weapons Level 3  
  154  15:29  Roach  
  154  15:32  Roach  
  154  15:33  Hydralisk  
  149  15:36  Zergling x2  
  149  15:38  Zergling x2  
  149  15:39  Spore Crawler, Zergling x2  
  149  15:40  Zergling x2  
  148  15:42  Drone  
  148  15:44  Zergling x2  
  148  15:45  Zergling x2  
  148  15:47  Zergling x2  
  148  15:48  Zergling x2, Spine Crawler  
  138  15:51  Zergling x2  
  138  15:53  Roach  
  138  15:54  Roach  
  138  15:56  Baneling  
  133  15:58  Baneling, Spine Crawler  
  133  15:59  Baneling  
  133  16:01  Baneling  
  133  16:02  Hydralisk  
  130  16:05  Roach  
  130  16:06  Hydralisk  
  130  16:09  Zergling x2  
  130  16:11  Zergling x2  
  136  16:12  Roach  
  136  16:13  Roach  
  136  16:15  Roach  
  136  16:16  Roach  
  136  16:17  Roach  
  136  16:18  Roach, Hydralisk  
  148  16:20  Hydralisk  
  148  16:21  Hydralisk  
  148  16:23  Brood Lord  
  148  16:24  Brood Lord, Corruptor  
  160  16:27  Brood Lord  
  160  16:28  Corruptor  
  164  16:33  Spine Crawler  
  164  16:38  Baneling  
  156  16:41  Roach  
  156  16:43  Zergling x2  
  156  16:45  Zergling x2  
  156  16:46  Roach  
  146  16:48  Zergling x2  
  146  16:50  Roach  
  146  16:52  Roach  
  146  16:53  Hydralisk  
  130  16:55  Roach  
  130  16:56  Roach  
  130  16:58  Roach  
  130  16:59  Roach  
  130  17:00  Roach  
  128  17:01  Roach  
  128  17:03  Roach  
  128  17:04  Roach  
  128  17:05  Corruptor  
  128  17:07  Roach  
  128  17:08  Hydralisk  
  132  17:11  Zergling x2  
  132  17:13  Zergling x2  
  132  17:15  Roach  
  134  17:16  Hydralisk  
  134  17:17  Hydralisk  
  134  17:18  Mutalisk  
  134  17:20  Mutalisk  
  134  17:22  Mutalisk  
  144  17:23  Corruptor  
  144  17:26  Corruptor  
  148  17:31  Queen  
  148  17:33  Baneling  
  148  17:35  Infestor  
  148  17:37  Spore Crawler  
  151  17:43  Infestor  
  153  17:46  Brood Lord, Spore Crawler  
  153  17:47  Corruptor  
  156  17:57  Spore Crawler  
  155  18:08  Spine Crawler, Zergling x2  
  155  18:09  Zergling x2  
  156  18:18  Zergling x2  
  156  18:19  Zergling x2  
  158  18:21  Brood Lord  
  158  18:22  Zerg Ground Armor Level 3  
  158  18:23  Corruptor  
  158  18:25  Overlord  
  162  18:27  Overseer  
  162  18:33  Zergling x2  
  147  18:35  Zergling x2  
  147  18:36  Glial Reconstitution  
  147  18:39  Zergling x2  
  147  18:41  Zergling x2  
  137  18:43  Zergling x2  
  137  18:44  Hydralisk  
  137  18:46  Roach  
  137  18:48  Zergling x2  
  123  18:49  Adrenal Glands  
  123  18:51  Roach  
  123  18:56  Hydralisk  
  123  18:58  Baneling  
  123  19:00  Roach  
  123  19:01  Zergling x2  
  128  19:03  Baneling  
  128  19:04  Roach  
  128  19:06  Baneling  
  128  19:07  Roach  
  128  19:08  Zergling x2  
  133  19:10  Overlord  
  133  19:11  Baneling  
  133  19:13  Roach  
  133  19:14  Baneling  
  133  19:16  Roach  
  137  19:17  Zergling x2  
  137  19:19  Baneling  
  137  19:20  Roach  
  137  19:22  Roach  
  144  19:24  Roach  
  144  19:25  Hydralisk  
  144  19:28  Roach  
  144  19:29  Hydralisk  
  150  19:31  Overlord  
  150  19:34  Roach  
  150  19:35  Roach  
  150  19:37  Roach  
  158  19:38  Roach  
  158  19:40  Baneling  
  158  19:42  Baneling  
  158  19:50  Overlord  
  158  19:52  Zergling x2  
  159  19:56  Roach  
  159  19:57  Roach  
  159  19:58  Overseer  
  163  20:00  Overseer  
  163  20:07  Roach  
  163  20:09  Mutalisk  
  163  20:10  Overlord  
  163  20:12  Mutalisk  
  163  20:13  Mutalisk  
  171  20:14  Mutalisk  
  173  20:28  Mutalisk  
  173  20:30  Overlord  
  173  20:32  Mutalisk  
  173  20:34  Brood Lord  
  179  20:36  Corruptor  
  181  20:47  Zergling x2  
  171  20:50  Zergling x2  
  171  20:51  Overlord  
  171  20:53  Zergling x2  
  171  20:55  Zergling x2  
  152  20:58  Hydralisk  
  152  21:01  Zergling x2  
  148  21:05  Zergling x2  
  148  21:07  Zergling x2  
  148  21:10  Zergling x2  
  151  21:13  Zergling x2  
  151  21:15  Zergling x2  
  153  21:19  Baneling  
  153  21:21  Zergling x2  
  153  21:23  Baneling  
  153  21:25  Baneling  
  154  21:27  Zergling x2  
  155  21:36  Mutalisk  
  157  21:43  Mutalisk  
  157  21:45  Baneling  
  159  21:47  Baneling  
  159  21:49  Zergling x2  
  160  22:06  Ultralisk  
  166  22:10  Baneling  
  166  22:11  Baneling  
  166  22:13  Zergling x2  
  167  22:24  Ultralisk  
  167  22:28  Roach  
  175  22:33  Baneling  
  175  22:36  Overlord  
  175  22:38  Roach  
  175  22:43  Roach  
  179  22:48  Roach  
  180  22:53  Zergling x2  
  180  22:54  Zergling x2  
  180  22:56  Zergling x2  
  175  23:00  Zergling x2  
  175  23:03  Zergling x2  
  165  23:07  Zergling x2  
  153  23:13  Zergling x2  
  136  23:22  Hydralisk  
  132  23:32  Hydralisk  
  115  23:42  Hydralisk  
  110  23:53  Hydralisk  
  108  24:00  Overseer  
  103  24:06  Roach  
  93  24:15  Roach  
  89  24:22  Roach  
  91  24:32  Roach  
  91  24:36  Roach  
  95  24:46  Roach  
  97  24:53  Roach  
  99  25:01  Roach  
  101  25:13  Hydralisk  
  103  25:20  Zergling x2  
  96  25:22  Zergling x2  
  96  25:28  Roach  
  81  25:36  Roach  
  81  25:42  Unknown  
  82  25:44  Roach  
  82  25:48  Zergling x2  
  81  25:53  Zergling x2  
  72  26:09  Queen  
  71  26:14  Zergling x2  
  71  26:19  Zergling x2  
  72  26:27  Roach  
  73  26:35  Roach  
  73  26:40  Zergling x2  
  72  26:49  Hydralisk  
  69  27:00  Zergling x2  
  68  27:06  Zergling x2  
  60  27:21  Zergling x2  
  57  27:47  Zergling x2  
  58  28:08  Roach  
  60  28:37  Roach  
  62  29:34  Roach  
  64  29:41  Roach  
  66  29:53  Hydralisk  
  68  30:22  Hydralisk  
  70  30:35  Hydralisk  
  72  31:03  Hydralisk  
  74  31:07  Overseer  
  74  32:11  Zergling x2  
  74  32:20  Ultralisk  
  80  32:58  Zergling x2  
  80  34:01  Roach  
  80  34:02  Roach  
  82  34:04  Corruptor  
  84  34:55  Corruptor  
  86  35:42  Brood Lord  
Show
View Real Time Build Order
Export as new Build Order

A.I. 3 (Elite) Zerg 

Build Orders: Pool First 

Get SALT Encoding   

  12  0:01  Drone  
  13  0:13  Overlord  
  13  0:18  Drone  
  14  0:31  Drone x2  
  16  0:45  Spawning Pool  
  16  0:46  Drone  
  16  0:50  Drone  
  17  1:17  Hatchery, Drone  
  17  1:20  Extractor  
  17  1:22  Drone  
  17  1:26  Drone  
  17  1:30  Drone  
  19  1:39  Overlord  
  19  1:50  Drone  
  20  1:54  Queen  
  20  2:00  Zergling x2  
  23  2:11  Drone  
  24  2:22  Drone  
  25  2:30  Queen  
  25  2:31  Roach Warren  
  25  2:36  Drone  
  27  2:38  Extractor  
  26  2:45  Drone  
  27  2:52  Overlord  
  27  2:55  Drone  
  28  2:59  Drone  
  28  3:02  Drone  
  30  3:06  Drone  
  30  3:09  Drone  
  30  3:12  Zergling x2  
  33  3:15  Zergling x2  
  36  3:20  Roach  
  36  3:24  Roach  
  38  3:28  Roach  
  38  3:32  Roach  
  38  3:33  Drone  
  43  3:36  Drone  
  44  3:41  Overlord  
  44  3:50  Lair  
  44  3:54  Metabolic Boost  
  44  4:00  Zergling x2  
  44  4:01  Overlord  
  44  4:03  Drone  
  44  4:06  Drone  
  44  4:08  Drone  
  47  4:11  Zergling x2  
  47  4:13  Zergling x2  
  47  4:16  Zergling x2  
  50  4:23  Evolution Chamber, Drone  
  50  4:28  Evolution Chamber  
  50  4:29  Drone  
  51  4:31  Drone  
  51  4:33  Drone  
  51  4:35  Drone  
  51  4:37  Drone  
  54  4:50  Zerg Missile Weapons Level 1  
  54  4:52  Hydralisk Den, Drone  
  54  4:55  Zerg Ground Armor Level 1  
  54  4:57  Overlord  
  54  5:01  Roach  
  56  5:07  Drone  
  57  5:16  Drone x2  
  57  5:17  Roach  
  57  5:18  Extractor, Overlord  
  57  5:20  Drone  
  61  5:22  Drone  
  61  5:23  Hydralisk  
  61  5:25  Hydralisk  
  66  5:36  Hydralisk  
  66  5:37  Overlord  
  66  5:38  Hydralisk  
  66  5:39  Drone  
  66  5:40  Drone  
  66  5:42  Drone  
  73  5:43  Drone  
  73  5:45  Drone  
  75  5:55  Overlord  
  76  5:57  Drone x2  
  76  5:58  Drone  
  76  5:59  Drone  
  76  6:00  Roach  
  81  6:09  Roach  
  83  6:13  Hydralisk  
  83  6:14  Overlord, Hydralisk  
  87  6:22  Ravager  
  87  6:23  Roach  
  87  6:24  Ravager  
  91  6:27  Evolution Chamber  
  91  6:29  Extractor, Roach  
  91  6:32  Drone  
  92  6:33  Overlord  
  92  6:36  Lurker Den  
  92  6:38  Drone  
  92  6:43  Hatchery  
  92  6:44  Zerg Melee Weapons Level 1, Drone  
  92  6:52  Drone  
  92  6:53  Drone  
  94  6:54  Drone  
  94  6:55  Overlord  
  94  6:57  Roach  
  94  6:58  Roach  
  99  7:01  Hydralisk  
  99  7:06  Hydralisk  
  103  7:12  Overseer  
  103  7:15  Overlord  
  103  7:26  Zerg Missile Weapons Level 2  
  103  7:39  Spine Crawler  
  102  7:45  Spine Crawler  
  102  7:47  Zerg Ground Armor Level 2  
  101  7:56  Glial Reconstitution, Queen  
  104  7:58  Drone  
  104  7:59  Drone  
  104  8:00  Drone  
  104  8:02  Drone  
  104  8:03  Drone  
  104  8:04  Drone  
  104  8:05  Drone  
  110  8:06  Drone  
  110  8:08  Drone  
  110  8:09  Drone  
  110  8:10  Drone  
  110  8:11  Drone  
  110  8:12  Overlord  
  115  8:14  Extractor  
  115  8:15  Drone  
  115  8:16  Drone  
  115  8:17  Drone  
  115  8:18  Drone  
  118  8:20  Drone x2  
  118  8:21  Drone  
  118  8:22  Drone  
  118  8:24  Drone  
  118  8:25  Lurker, Drone  
  118  8:26  Zergling x2  
  126  8:27  Zergling x2  
  126  8:29  Zergling x2  
  126  8:30  Zergling x2  
  126  8:31  Overlord  
  126  8:33  Roach  
  131  8:38  Zergling x2  
  131  8:39  Baneling Nest  
  122  8:42  Drone  
  122  8:44  Drone  
  103  8:49  Roach, Hydralisk  
  103  8:50  Hydralisk  
  103  8:51  Hydralisk  
  103  8:53  Hydralisk  
  103  8:54  Zergling x2  
  103  8:55  Hydralisk  
  104  8:57  Zergling x2  
  104  8:58  Zergling x2  
  104  9:00  Zergling x2  
  109  9:04  Ravager  
  109  9:05  Zergling x2  
  109  9:06  Roach  
  109  9:09  Ravager  
  114  9:10  Hydralisk, Lurker  
  114  9:16  Roach  
  119  9:18  Roach  
  119  9:19  Extractor  
  119  9:21  Roach  
  119  9:23  Baneling  
  124  9:24  Roach  
  124  9:25  Baneling  
  124  9:26  Baneling  
  124  9:27  Zergling x2  
  124  9:28  Roach  
  124  9:29  Overlord  
  124  9:30  Roach  
  131  9:31  Roach  
  131  9:32  Baneling  
  131  9:33  Zergling x2  
  131  9:34  Roach  
  131  9:35  Roach  
  131  9:38  Roach  
  138  9:46  Roach  
  138  9:47  Roach  
  138  9:48  Overlord  
  138  9:51  Roach  
  138  9:52  Roach  
  146  9:53  Roach  
  146  9:54  Roach  
  146  9:55  Roach  
  146  9:56  Zerg Melee Weapons Level 2  
  152  10:01  Baneling  
  152  10:02  Baneling  
  152  10:04  Baneling  
  152  10:06  Zergling x2  
  153  10:08  Baneling  
  153  10:09  Zergling x2  
  153  10:10  Spore Crawler, Overlord  
  153  10:15  Hatchery  
  152  10:26  Centrifical Hooks  
  152  10:30  Overlord  
  152  10:32  Infestation Pit  
  146  10:43  Zergling x2  
  146  10:45  Zergling x2  
  146  10:46  Hydralisk  
  149  10:51  Hydralisk  
  149  10:52  Overlord  
  151  11:02  Spine Crawler  
  150  11:12  Queen  
  150  11:14  Spine Crawler  
  150  11:16  Hive  
  151  11:26  Spine Crawler  
  151  11:32  Drone  
  151  11:35  Drone  
  151  11:36  Drone  
  151  11:37  Queen, Spine Crawler  
  151  11:39  Drone  
  155  11:40  Drone  
  155  11:44  Drone  
  155  11:46  Hydralisk, Drone  
  158  11:47  Spine Crawler  
  158  11:48  Drone  
  158  11:49  Hydralisk  
  158  11:51  Drone  
  158  11:52  Overseer  
  164  11:54  Drone  
  164  11:55  Overseer  
  164  11:57  Spine Crawler, Drone  
  164  12:01  Drone  
  165  12:02  Drone  
  165  12:04  Drone  
  165  12:05  Drone  
  165  12:06  Drone  
  165  12:07  Overlord  
  169  12:08  Pneumatized Carapace  
  169  12:09  Spine Crawler  
  169  12:10  Drone  
  169  12:14  Infestor  
  171  12:16  Infestor  
  171  12:17  Spine Crawler  
  171  12:21  Spire, Drone  
  172  12:25  Extractor, Drone  
  172  12:27  Drone  
  173  12:32  Zerg Melee Weapons Level 3  
  173  12:35  Zerg Missile Weapons Level 3  
  171  12:37  Zergling x2  
  171  12:40  Zergling x2  
  171  12:42  Zergling x2  
  171  12:43  Zergling x2  
  168  12:44  Spore Crawler  
  168  12:45  Zergling x2  
  168  12:49  Drone  
  169  12:53  Unknown  
  169  12:55  Unknown  
  169  12:57  Spore Crawler  
  168  12:59  Infestor  
  168  13:02  Drone  
  168  13:04  Hydralisk  
  173  13:07  Hydralisk  
  173  13:11  Hydralisk  
  177  13:13  Hydralisk  
  177  13:15  Hydralisk  
  177  13:19  Extractor, Roach  
  180  13:23  Drone  
  180  13:24  Infestor  
  181  13:34  Zergling x2  
  181  13:35  Spore Crawler  
  181  13:36  Zergling x2  
  181  13:38  Hydralisk  
  183  13:41  Drone  
  183  13:44  Zergling x2  
  183  13:46  Hydralisk  
  183  13:48  Hydralisk  
  189  13:50  Hydralisk  
  189  13:52  Hydralisk  
  193  14:01  Zergling x2  
  188  14:03  Zergling x2  
  188  14:04  Hydralisk  
  188  14:07  Roach  
  188  14:09  Roach  
  181  14:11  Roach  
  181  14:13  Roach  
  181  14:15  Roach  
  177  14:18  Mutalisk  
  177  14:20  Mutalisk, Spore Crawler  
  177  14:22  Mutalisk  
  182  14:25  Ultralisk Cavern, Drone  
  182  14:27  Viper  
  182  14:31  Drone  
  175  14:32  Mutalisk  
  175  14:36  Mutalisk  
  175  14:37  Hydralisk  
  175  14:38  Spore Crawler  
  177  14:39  Hydralisk  
  177  14:40  Hydralisk  
  177  14:43  Drone  
  177  14:44  Hydralisk  
  184  14:46  Hydralisk  
  184  14:47  Mutalisk  
  184  14:49  Mutalisk  
  184  14:50  Spine Crawler  
  184  14:51  Drone  
  190  14:55  Mutalisk  
  190  14:58  Zerg Ground Armor Level 3  
  190  14:59  Pathogen Glands, Spine Crawler  
  191  15:01  Drone  
  191  15:02  Mutalisk  
  194  15:11  Spine Crawler  
  194  15:13  Drone  
  194  15:17  Ultralisk  
  194  15:18  Spine Crawler  
  199  15:22  Drone  
  200  15:31  Spore Crawler  
  200  15:34  Drone  
  200  15:48  Spine Crawler  
  199  15:55  Spore Crawler  
  198  16:05  Roach  
  198  16:06  Spore Crawler  
  199  16:17  Spore Crawler  
  198  16:20  Roach  
  198  16:25  Adrenal Glands  
  200  16:27  Zerg Flyer Weapons Level 1  
  200  16:31  Spore Crawler  
  197  16:34  Zergling x2  
  197  16:36  Roach  
  197  16:38  Zergling x2  
  186  16:40  Zergling x2  
  186  16:42  Zergling x2  
  186  16:43  Spore Crawler, Zergling x2  
  186  16:45  Zergling x2  
  186  16:46  Zergling x2  
  178  16:48  Zergling x2  
  178  16:50  Zergling x2  
  178  16:51  Spore Crawler, Roach  
  178  16:52  Roach  
  174  16:54  Roach  
  174  16:55  Zergling x2  
  174  16:58  Roach  
  174  16:59  Zergling x2  
  173  17:01  Roach  
  173  17:03  Roach  
  173  17:04  Roach  
  173  17:06  Infestor  
  173  17:08  Roach  
  159  17:10  Zergling x2  
  159  17:11  Zergling x2  
  159  17:12  Infestor  
  159  17:14  Zergling x2  
  117  17:16  Roach  
  117  17:18  Zergling x2  
  117  17:19  Hydralisk  
  117  17:22  Hydralisk  
  103  17:24  Zergling x2  
  103  17:25  Hydralisk, Spine Crawler  
  103  17:27  Zergling x2  
  103  17:29  Zergling x2  
  105  17:31  Roach  
  105  17:32  Roach  
  105  17:33  Zergling x2  
  105  17:35  Roach  
  105  17:36  Roach  
  111  17:37  Roach  
  111  17:39  Roach  
  111  17:40  Roach  
  111  17:42  Roach  
  111  17:43  Roach  
  111  17:44  Hydralisk  
  121  17:45  Hydralisk  
  121  17:48  Hydralisk  
  121  17:49  Hydralisk  
  129  17:51  Hydralisk  
  129  17:53  Hydralisk  
  129  17:55  Hydralisk  
  129  17:57  Zergling x2  
  129  17:59  Zergling x2  
  129  18:00  Zergling x2  
  129  18:01  Roach  
  129  18:02  Roach  
  129  18:03  Hydralisk  
  129  18:04  Hydralisk  
  139  18:05  Hydralisk  
  139  18:06  Hydralisk  
  139  18:09  Baneling  
  139  18:10  Zergling x2  
  139  18:11  Baneling  
  144  18:13  Baneling  
  144  18:14  Zergling x2  
  144  18:15  Baneling  
  144  18:17  Baneling  
  144  18:18  Zergling x2  
  146  18:20  Baneling  
  146  18:21  Roach  
  146  18:23  Roach  
  146  18:25  Roach  
  150  18:28  Roach  
  150  18:29  Baneling  
  150  18:31  Zergling x2  
  150  18:32  Hydralisk  
  150  18:33  Hydralisk  
  157  18:35  Hydralisk  
  157  18:37  Hydralisk  
  157  18:38  Hydralisk  
  157  18:41  Overlord  
  163  18:43  Overseer  
  163  18:44  Hydralisk  
  163  18:46  Hydralisk  
  173  18:48  Ultralisk  
  173  18:50  Ultralisk  
  173  18:51  Baneling  
  179  19:00  Ultralisk  
  179  19:01  Overlord  
  179  19:02  Spine Crawler  
  184  19:03  Ultralisk  
  190  19:20  Ultralisk  
  190  19:21  Chitinous Plating  
  190  19:24  Burrow  
  196  19:29  Mutalisk  
  198  19:33  Mutalisk  
  198  19:36  Tunneling Claws  
  200  19:55  Spine Crawler  
  199  20:26  Hydralisk  
  199  20:38  Infestor x2  
  199  20:42  Overlord  
  198  20:45  Zergling x2  
  198  20:47  Zergling x2  
  198  20:48  Zergling x2  
  180  20:50  Zergling x2  
  180  20:51  Zergling x2  
  180  20:53  Zergling x2  
  180  20:55  Zergling x2  
  122  20:58  Zergling x2  
  122  20:59  Zergling x2  
  122  21:02  Ultralisk  
  122  21:03  Roach, Spine Crawler  
  122  21:04  Hydralisk  
  94  21:06  Roach, Hydralisk  
  94  21:08  Roach  
  94  21:09  Hydralisk  
  96  21:11  Roach  
  96  21:12  Hydralisk  
  96  21:14  Zergling x2  
  85  21:18  Zergling x2  
  85  21:20  Zergling x2  
  85  21:23  Zergling x2  
  85  21:25  Zergling x2  
  87  21:26  Zergling x2  
  87  21:27  Zergling x2  
  87  21:28  Zergling x2  
  87  21:29  Hydralisk  
  87  21:31  Hydralisk  
  87  21:32  Zergling x2  
  88  21:36  Roach  
  88  21:37  Roach  
  88  21:38  Roach  
  96  21:40  Roach  
  96  21:43  Zergling x2  
  96  21:44  Roach  
  96  21:46  Roach  
  96  21:47  Roach  
  96  21:50  Roach  
  96  21:51  Roach  
  96  21:53  Roach  
  104  21:55  Roach  
  104  21:57  Roach  
  104  21:58  Roach  
  104  22:00  Roach  
  110  22:01  Overlord  
  110  22:04  Roach  
  110  22:06  Roach  
  110  22:07  Roach  
  116  22:09  Roach  
  116  22:10  Roach  
  116  22:11  Hydralisk  
  116  22:13  Hydralisk  
  124  22:20  Overlord  
  124  22:22  Zergling x2  
  124  22:24  Zergling x2  
  124  22:25  Hydralisk  
  124  22:27  Roach  
  124  22:29  Zergling x2  
  126  22:30  Hydralisk  
  126  22:32  Hydralisk  
  126  22:34  Spire  
  126  22:36  Baneling  
  129  22:37  Zergling x2  
  129  22:39  Baneling  
  129  22:40  Overlord  
  129  22:42  Baneling  
  130  22:44  Baneling  
  130  22:46  Zergling x2  
  130  22:47  Hydralisk  
  130  22:49  Hatchery  
  132  22:53  Infestation Pit  
  132  22:55  Drone x2  
  132  22:56  Baneling, Ultralisk Cavern  
  128  23:07  Overlord  
  119  23:14  Zergling x2, Drone  
  119  23:18  Zergling x2  
  116  23:21  Roach  
  116  23:22  Zergling x2  
  116  23:24  Baneling  
  111  23:28  Zergling x2, Unknown  
  111  23:31  Unknown  
  80  23:35  Zergling x2  
  57  23:43  Roach  
  57  23:46  Ultralisk  
  57  23:48  Corruptor  
  56  23:50  Roach  
  58  23:56  Roach  
  58  24:04  Roach  
  58  24:09  Zergling x2  
  59  24:15  Zergling x2  
  60  24:24  Hydralisk  
  62  24:34  Hydralisk  
  64  24:45  Hydralisk  
  66  24:55  Hydralisk  
  68  25:25  Zergling x2  
  68  25:31  Ultralisk  
  74  25:35  Roach  
  74  25:36  Zergling x2  
  74  25:42  Zergling x2  
  75  25:46  Zergling x2  
  76  25:52  Zergling x2  
  77  25:57  Zergling x2  
  77  26:02  Zergling x2  
  79  26:07  Zergling x2  
  78  26:14  Roach  
  78  26:15  Zergling x2  
  79  26:21  Zergling x2  
  79  26:30  Ultralisk  
  64  26:34  Roach  
  64  26:45  Hydralisk  
  63  26:47  Roach  
  63  26:50  Roach  
  60  27:12  Roach  
  50  28:03  Roach  
  52  28:14  Roach, Queen  
  54  28:20  Queen  
  54  28:21  Roach  
  54  28:27  Hydralisk  
  54  28:36  Zergling x2  
  51  28:42  Zergling x2  
  52  28:52  Roach  
  44  29:22  Drone  
  46  29:24  Roach  
  45  29:35  Drone  
  44  29:41  Drone  
  44  29:46  Drone x2  
  44  29:48  Drone x2  
  44  29:57  Drone  
  39  30:00  Drone  
  39  30:01  Drone x2  
  39  30:02  Drone x2  
  32  30:09  Drone  
  32  30:11  Drone  
  30  30:18  Zergling x2  
  31  30:22  Drone  
  31  30:25  Drone  
  31  30:26  Drone x2  
  26  30:29  Drone x4  
  26  30:34  Drone  
  26  30:35  Drone x2  
  26  30:37  Drone x4  
  26  30:38  Drone  
  26  30:40  Drone  
  26  30:42  Drone  
  24  30:45  Drone x3  
  24  30:46  Drone x4  
  24  30:48  Drone  
  21  30:52  Roach  
  21  30:54  Drone x3  
  20  30:58  Roach  
  15  31:04  Drone  
  13  31:14  Drone  
  11  31:18  Drone  
Show
View Real Time Build Order
Export as new Build Order

A.I. 4 (Elite) Protoss 

Build Orders:  

Get SALT Encoding   

  12  0:03  Probe (Chrono Boost)  
  14  0:15  Probe (Chrono Boost)  
  14  0:21  Pylon  
  14  0:27  Probe (Chrono Boost)  
  15  0:41  Probe (Chrono Boost)  
  16  0:47  Assimilator  
  16  0:52  Gateway  
  16  0:53  Probe (Chrono Boost)  
  17  1:01  Pylon  
  18  1:05  Probe (Chrono Boost)  
  18  1:17  Probe (Chrono Boost)  
  19  1:29  Probe (Chrono Boost)  
  20  1:39  Zealot  
  23  1:41  Probe (Chrono Boost)  
  23  1:42  Cybernetics Core  
  23  1:53  Probe (Chrono Boost)  
  24  2:05  Nexus, Probe (Chrono Boost)  
  25  2:18  Probe (Chrono Boost)  
  25  2:20  Warp Gate  
  26  2:24  Stalker  
  29  2:30  Probe (Chrono Boost)  
  29  2:39  Pylon  
  29  2:42  Probe (Chrono Boost)  
  30  2:50  Gateway  
  30  2:52  Assimilator  
  30  2:54  Probe (Chrono Boost)  
  31  3:00  Adept  
  34  3:06  Probe (Chrono Boost)  
  34  3:13  Pylon  
  34  3:18  Probe (Chrono Boost)  
  36  3:20  Probe (Chrono Boost)  
  36  3:27  Adept  
  36  3:30  Probe (Chrono Boost)  
  36  3:32  Probe (Chrono Boost)  
  40  3:37  Stargate  
  41  3:42  Probe (Chrono Boost)  
  41  3:44  Probe (Chrono Boost)  
  41  3:45  Adept  
  44  3:54  Probe (Chrono Boost)  
  44  3:55  Adept  
  48  3:56  Probe (Chrono Boost)  
  48  4:06  Probe (Chrono Boost)  
  48  4:08  Probe (Chrono Boost)  
  50  4:13  Stargate  
  51  4:18  Probe (Chrono Boost)  
  51  4:20  Probe (Chrono Boost)  
  52  4:24  Void Ray  
  52  4:28  Zealot  
  58  4:35  Probe (Chrono Boost)  
  58  4:36  Pylon  
  58  4:37  Probe (Chrono Boost)  
  60  4:39  Zealot  
  62  4:48  Pylon  
  62  4:57  Void Ray  
  68  5:08  Probe x2 (Chrono Boost)  
  68  5:13  Pylon  
  68  5:14  Void Ray  
  68  5:19  Adept  
  68  5:20  Probe x2 (Chrono Boost)  
  76  5:27  Pylon  
  76  5:39  Twilight Council  
  76  5:41  Assimilator  
  77  5:42  Probe (Chrono Boost)  
  77  5:45  Assimilator  
  77  5:47  Probe (Chrono Boost)  
  78  5:54  Gateway  
  78  6:07  Probe (Chrono Boost)  
  78  6:08  Probe (Chrono Boost)  
  80  6:14  Zealot  
  83  6:19  Probe (Chrono Boost)  
  83  6:20  Probe (Chrono Boost)  
  83  6:23  Pylon  
  84  6:26  Nexus  
  84  6:30  Templar Archives  
  84  6:31  Stalker  
  86  6:36  Stalker  
  88  6:48  Stalker  
  88  6:51  Pylon  
  90  6:54  Sentry  
  90  6:56  Forge  
  90  7:00  Forge, Zealot  
  94  7:11  High Templar  
  94  7:12  Pylon  
  96  7:17  Zealot  
  96  7:20  Stalker  
  100  7:30  Robotics Facility  
  100  7:38  Sentry  
  100  7:42  Pylon  
  100  7:43  Probe (Chrono Boost)  
  104  7:44  Probe (Chrono Boost)  
  104  7:45  Zealot  
  104  7:46  Zealot, Probe (Chrono Boost)  
  104  7:48  Photon Cannon  
  109  7:54  Photon Cannon  
  109  7:55  Probe (Chrono Boost)  
  111  7:58  Probe (Chrono Boost)  
  111  8:00  Probe (Chrono Boost)  
  111  8:02  Zealot, Gateway  
  114  8:05  Nexus  
  114  8:08  Probe (Chrono Boost)  
  114  8:10  Probe (Chrono Boost)  
  114  8:11  Assimilator  
  114  8:12  Probe (Chrono Boost)  
  117  8:16  Stalker  
  117  8:17  High Templar  
  121  8:20  Pylon  
  121  8:22  Probe (Chrono Boost)  
  121  8:24  Zealot  
  121  8:25  Probe (Chrono Boost)  
  126  8:27  Pylon  
  126  8:28  Probe (Chrono Boost)  
  126  8:30  Assimilator  
  126  8:31  Immortal  
  131  8:34  Probe (Chrono Boost)  
  131  8:37  Probe (Chrono Boost)  
  131  8:40  Stalker, Probe (Chrono Boost)  
  135  8:45  Archon  
  135  8:46  Stalker, Probe (Chrono Boost)  
  138  8:51  Stalker  
  138  8:54  Pylon  
  140  8:57  Zealot, Probe (Chrono Boost)  
  140  8:58  Probe (Chrono Boost)  
  144  9:03  Stalker  
  144  9:08  Zealot  
  148  9:10  Observer  
  145  9:18  Stalker  
  145  9:22  Pylon  
  139  9:26  Zealot  
  139  9:29  Stalker  
  143  9:32  Immortal  
  143  9:36  Zealot  
  143  9:38  Assimilator  
  149  9:41  Sentry  
  149  9:43  Assimilator  
  151  9:47  Zealot  
  151  9:51  Pylon  
  151  9:52  High Templar  
  155  9:56  High Templar  
  155  10:04  Zealot  
  129  10:07  Photon Cannon  
  129  10:08  Sentry  
  129  10:11  Immortal  
  129  10:13  Photon Cannon  
  86  10:25  Stalker, Probe (Chrono Boost)  
  86  10:26  Zealot  
  91  10:29  Stalker  
  91  10:32  Adept  
  95  10:45  Assimilator  
  95  10:47  Zealot  
  95  10:48  Zealot  
  99  10:53  High Templar  
  99  10:54  Zealot  
  103  10:58  Immortal  
  107  11:07  Stalker  
  107  11:09  Zealot  
  111  11:15  Adept  
  113  11:26  Zealot, Probe (Chrono Boost)  
  113  11:30  Stalker  
  113  11:31  Stalker  
  119  11:36  Sentry  
  121  11:42  Immortal  
  121  11:44  Photon Cannon  
  121  11:46  Stalker  
  123  11:52  Pylon  
  123  11:53  Stalker  
  111  11:55  Stalker  
  111  12:00  Stalker  
  108  12:10  Stalker  
  110  12:17  Zealot  
  110  12:18  Stalker  
  110  12:20  Pylon  
  110  12:21  Immortal  
  118  12:25  High Templar  
  118  12:28  Photon Cannon  
  120  12:33  Zealot  
  122  12:39  Stalker  
  122  12:42  Sentry  
  126  12:46  Pylon  
  126  12:53  Photon Cannon  
  126  12:54  Adept  
  126  12:57  Adept  
  130  13:00  Immortal  
  130  13:02  Photon Cannon  
  133  13:06  Probe (Chrono Boost)  
  133  13:07  Probe (Chrono Boost)  
  133  13:10  Zealot, Probe (Chrono Boost)  
  133  13:11  Zealot  
  136  13:14  Zealot  
  136  13:18  Probe (Chrono Boost)  
  136  13:19  Probe (Chrono Boost)  
  133  13:20  Zealot  
  133  13:23  Probe (Chrono Boost)  
  134  13:30  Zealot  
  134  13:31  Zealot  
  138  13:35  Zealot  
  138  13:38  Pylon  
  138  13:40  Immortal  
  138  13:41  Adept  
  142  13:53  Sentry  
  140  13:56  Stalker  
  140  13:57  Phoenix  
  140  13:59  Photon Cannon  
  140  14:01  Probe (Chrono Boost)  
  140  14:02  Probe (Chrono Boost)  
  139  14:04  Zealot, Probe (Chrono Boost)  
  139  14:07  Stalker  
  139  14:16  Phoenix  
  121  14:18  High Templar  
  121  14:19  Adept  
  121  14:23  Immortal  
  108  14:25  Stalker  
  103  14:31  Pylon  
  103  14:32  Probe (Chrono Boost)  
  103  14:33  Zealot  
  103  14:34  Probe (Chrono Boost)  
  103  14:36  Probe (Chrono Boost)  
  105  14:40  Zealot  
  103  14:49  Stalker  
  104  14:53  Probe (Chrono Boost)  
  104  14:54  Stalker  
  104  14:55  Adept, Probe (Chrono Boost)  
  104  14:57  Nexus  
  104  14:59  Nexus  
  109  15:01  Sentry  
  109  15:02  Probe (Chrono Boost)  
  109  15:05  Immortal  
  109  15:06  Assimilator  
  116  15:16  Zealot  
  116  15:17  Stalker  
  116  15:18  Zealot  
  122  15:25  Stalker  
  116  15:36  Zealot  
  116  15:39  High Templar  
  116  15:40  Stalker  
  102  15:44  Immortal  
  102  15:48  Adept  
  106  15:57  Stalker  
  106  15:59  Pylon  
  106  16:03  High Templar  
  110  16:05  Photon Cannon  
  110  16:08  Zealot  
  112  16:13  Stalker  
  112  16:18  Archon  
  114  16:20  Stalker  
  114  16:24  Observer  
  117  16:28  Adept  
  115  16:36  Photon Cannon, Stalker  
  115  16:38  Adept  
  97  16:44  Adept  
  97  16:45  Immortal  
  85  16:49  Zealot  
  79  16:56  Phoenix  
  79  16:58  High Templar  
  79  16:59  Adept  
  81  17:05  Adept  
  81  17:08  Probe x2 (Chrono Boost)  
  75  17:09  Probe (Chrono Boost)  
  75  17:10  Zealot, Probe (Chrono Boost)  
  73  17:21  Stalker  
  73  17:22  Probe x2 (Chrono Boost)  
  75  17:24  Immortal, Probe x2 (Chrono Boost)  
  75  17:25  Sentry  
  78  17:30  Zealot  
  78  17:31  Zealot, Pylon  
  78  17:34  Probe x2 (Chrono Boost)  
  85  17:37  Probe x2 (Chrono Boost)  
  85  17:47  Probe (Chrono Boost)  
  85  17:48  Stalker  
  85  17:50  High Templar  
  90  17:51  Nexus, High Templar  
  90  17:58  Phoenix  
  94  18:03  Immortal  
  94  18:04  Phoenix  
  100  18:07  Archon  
  100  18:13  Zealot, Pylon  
  102  18:23  Adept, Void Ray  
  102  18:25  Adept  
  109  18:29  Phoenix  
  109  18:32  Probe (Chrono Boost)  
  104  18:35  Probe (Chrono Boost)  
  104  18:36  Zealot  
  104  18:37  Probe (Chrono Boost)  
  104  18:40  Probe (Chrono Boost)  
  97  18:44  Probe (Chrono Boost), High Templar  
  97  18:46  Zealot  
  97  18:47  Probe (Chrono Boost)  
  100  18:49  Probe (Chrono Boost)  
  100  18:52  Immortal  
  101  18:56  Pylon, Probe (Chrono Boost)  
  101  19:00  Void Ray, Probe (Chrono Boost)  
  101  19:01  Probe (Chrono Boost)  
  101  19:02  Zealot  
  109  19:09  Sentry, Probe (Chrono Boost)  
  113  19:10  Probe (Chrono Boost)  
  113  19:16  Probe (Chrono Boost)  
  112  19:17  Zealot  
  112  19:21  Probe (Chrono Boost)  
  112  19:22  Zealot  
  117  19:24  Nexus  
  117  19:32  Observer  
  117  19:34  Zealot  
  117  19:36  Zealot  
  117  19:37  Stalker  
  124  19:44  Stalker  
  110  19:53  Immortal  
  110  19:54  Adept  
  110  19:56  Stalker  
  98  20:01  Zealot  
  96  20:08  High Templar  
  94  20:16  Adept  
  94  20:20  Stalker  
  98  20:21  Stalker  
  100  20:34  Immortal  
  104  20:36  Stalker  
  104  20:40  Zealot  
  108  20:43  Sentry  
  108  20:45  Sentry  
  108  20:46  Nexus  
  94  21:02  Probe (Chrono Boost)  
  94  21:03  Zealot, Probe (Chrono Boost)  
  74  21:04  Probe (Chrono Boost)  
  74  21:06  Zealot  
  74  21:07  Sentry  
  74  21:08  Assimilator, Zealot  
  74  21:09  Sentry  
  68  21:15  Immortal  
  68  21:16  Probe (Chrono Boost)  
  71  21:21  Probe x2 (Chrono Boost)  
  71  21:23  Pylon  
  72  21:27  Assimilator  
  72  21:28  Stalker, Probe (Chrono Boost)  
  72  21:30  Stalker  
  75  21:33  Adept  
  75  21:34  Probe (Chrono Boost)  
  75  21:37  Probe (Chrono Boost)  
  70  21:40  Probe (Chrono Boost)  
  70  21:41  Zealot  
  70  21:46  Probe (Chrono Boost)  
  71  21:50  Probe (Chrono Boost)  
  71  21:52  Probe (Chrono Boost)  
  71  21:53  Zealot, Stalker  
  74  21:54  Zealot  
  74  21:55  Observer  
  74  21:58  Probe (Chrono Boost)  
  77  22:02  Stalker  
  77  22:04  Assimilator  
  77  22:07  Assimilator  
  77  22:14  Zealot, Stalker  
  79  22:16  Zealot  
  81  22:35  Adept  
  81  22:36  Zealot  
  73  22:37  Stalker  
  73  22:38  Nexus  
  73  22:47  Stalker, Probe (Chrono Boost)  
  73  22:50  Probe (Chrono Boost)  
  78  22:53  Probe (Chrono Boost)  
  78  22:56  Zealot  
  78  22:57  Sentry  
  68  22:59  Probe (Chrono Boost)  
  68  23:00  Adept  
  68  23:02  Probe (Chrono Boost)  
  67  23:12  Stalker, Probe (Chrono Boost)  
  69  23:16  Probe (Chrono Boost)  
  69  23:18  Sentry  
  69  23:19  Probe (Chrono Boost)  
  71  23:21  Stalker  
  71  23:22  Zealot  
  75  23:35  Adept  
  77  23:41  Stalker  
  77  23:43  Zealot  
  77  23:44  Zealot  
  73  23:55  Sentry  
  71  24:04  Sentry  
  71  24:05  Adept  
  71  24:07  Stalker  
  74  24:19  Stalker  
  76  24:26  Zealot  
  76  24:27  Stalker  
  76  24:29  Stalker  
  82  24:42  Zealot  
  84  24:46  Zealot  
  84  24:50  Stalker  
  88  24:53  Zealot  
  90  25:02  Zealot  
  90  25:06  Zealot  
  94  25:13  Zealot  
  95  25:14  Zealot  
  97  25:23  Zealot  
  97  25:27  Zealot  
  101  25:34  Zealot  
  103  25:36  Zealot  
  105  25:44  Zealot  
  105  25:47  Zealot, Nexus  
  109  25:55  Zealot  
  109  25:56  Zealot  
  113  26:05  Zealot  
  113  26:08  Stalker  
  117  26:15  Stalker  
  117  26:16  Zealot  
  121  26:25  Zealot  
  115  26:32  Stalker  
  107  26:37  Sentry  
  107  26:38  Zealot  
  107  26:46  Adept  
  89  26:57  Observer  
  89  26:59  High Templar  
  89  27:00  Sentry  
  85  27:02  Adept  
  85  27:07  High Templar  
  83  27:22  Stalker  
  85  27:24  Zealot  
  84  27:47  Stalker  
  79  28:21  Stalker, Observer  
  79  28:24  Stalker  
  60  28:27  High Templar  
  60  28:33  Adept  
  48  28:44  High Templar  
  48  28:48  High Templar  
  50  28:54  Zealot  
  50  28:59  Stalker  
  48  29:22  High Templar  
  48  29:23  High Templar  
  31  29:55  High Templar  
  31  29:56  High Templar  
  20  31:05  Pylon  
  6  31:47  Probe (Chrono Boost)  
  6  32:39  Probe (Chrono Boost)  
Show
View Real Time Build Order
Export as new Build Order

A.I. 5 (Elite) Terran 

Build Orders: Mech 

Get SALT Encoding   

  12  0:01  SCV  
  13  0:13  SCV  
  14  0:20  Supply Depot  
  14  0:25  SCV  
  15  0:30  Refinery  
  15  0:41  SCV  
  16  0:50  Barracks  
  16  0:53  SCV  
  17  1:06  SCV  
  18  1:12  Supply Depot  
  18  1:18  SCV  
  19  1:30  SCV  
  20  1:37  Marine  
  21  1:43  Factory  
  21  1:48  Barracks  
  21  1:49  SCV  
  22  1:55  Marine  
  22  2:01  SCV  
  24  2:07  Supply Depot  
  24  2:13  Marine, SCV  
  26  2:25  SCV  
  26  2:26  Factory Tech Lab  
  27  2:30  Marine  
  28  2:37  SCV  
  28  2:40  Marine  
  30  2:44  Siege Tank  
  30  2:49  Marine, SCV  
  35  3:01  SCV  
  35  3:04  Refinery  
  36  3:15  Marine  
  36  3:17  SCV, Factory  
  38  3:30  SCV  
  38  3:31  Supply Depot  
  39  3:53  SCV  
  40  4:01  Factory Tech Lab  
  40  4:03  Siege Tank  
  40  4:05  SCV  
  44  4:17  SCV  
  45  4:27  Barracks  
  45  4:29  SCV  
  46  4:33  Supply Depot  
  46  4:41  SCV  
  47  4:48  Supply Depot  
  47  4:55  Marine, Siege Tank, SCV  
  52  5:07  SCV  
  52  5:08  Barracks Tech Lab  
  52  5:10  Hellion  
  52  5:14  Supply Depot  
  54  5:19  SCV  
  55  5:25  Factory  
  55  5:26  Command Center  
  55  5:27  Siege Tank, Marauder  
  60  5:31  SCV  
  60  5:32  Hellion  
  63  5:49  Supply Depot  
  63  5:52  Marauder  
  63  5:53  Hellion  
  67  6:00  Hellion  
  69  6:14  Supply Depot, Marauder  
  71  6:34  Armory  
  71  6:35  Marauder  
  73  6:45  SCV  
  74  6:48  SCV  
  75  6:55  Refinery  
  75  6:57  SCV, Marauder  
  75  7:01  SCV  
  79  7:08  Refinery  
  79  7:10  SCV  
  79  7:14  Orbital Command  
  80  7:18  Marauder  
  80  7:21  Terran Vehicle And Ship Armor Level 1  
  80  7:22  SCV  
  83  7:34  SCV  
  84  7:38  Engineering Bay  
  84  7:39  Marauder  
  84  7:40  Command Center  
  86  7:50  Armory, SCV  
  87  7:52  SCV  
  88  8:01  Marauder  
  90  8:06  Terran Infantry Armor Level 1, Supply Depot  
  90  8:22  Marauder  
  92  8:34  Engineering Bay  
  92  8:37  Supply Depot  
  92  8:41  Siege Tank  
  92  8:43  Marauder  
  97  8:51  Siege Tank  
  97  8:55  SCV  
  101  8:56  SCV  
  101  8:58  SCV  
  103  9:03  Hellion  
  103  9:05  Marauder  
  103  9:07  SCV  
  103  9:09  SCV  
  109  9:12  SCV  
  109  9:16  Hellion  
  112  9:19  SCV  
  112  9:21  SCV  
  112  9:23  Supply Depot  
  112  9:24  SCV  
  115  9:26  Marauder  
  115  9:31  SCV  
  117  9:33  SCV  
  117  9:36  SCV  
  119  9:43  SCV  
  120  9:46  SCV  
  120  9:48  SCV, Supply Depot, Marauder  
  124  9:55  Thor, SCV  
  124  9:58  SCV  
  132  10:00  SCV  
  132  10:05  Siege Tank  
  136  10:07  SCV  
  136  10:09  Marauder  
  139  10:19  Starport  
  139  10:25  Supply Depot  
  139  10:28  Refinery  
  139  10:30  Marauder  
  139  10:34  Refinery  
  141  10:41  Liberator  
  141  10:51  Thor  
  141  10:52  SCV, Supply Depot, Marauder  
  150  10:57  SCV  
  150  11:02  SCV  
  155  11:08  SCV  
  156  11:11  SCV  
  156  11:14  Stimpack, Marauder  
  159  11:18  Terran Infantry Weapons Level 1  
  159  11:29  Supply Depot  
  159  11:35  Marauder  
  159  11:37  Missile Turret  
  159  11:38  Orbital Command  
  161  11:56  Missile Turret  
  161  11:57  Starport Tech Lab, Marauder  
  163  12:07  Missile Turret  
  163  12:09  Command Center  
  163  12:15  Medivac  
  165  12:20  Marauder  
  165  12:21  Missile Turret  
  167  12:27  Supply Depot  
  167  12:36  Missile Turret  
  167  12:37  Barracks Tech Lab  
  167  12:38  Barracks Reactor  
  167  12:41  Marine  
  168  12:45  Medivac  
  170  12:52  Barracks  
  170  12:59  Marine  
  170  13:01  Supply Depot  
  170  13:03  Marine  
  172  13:14  Missile Turret  
  172  13:18  Marine  
  172  13:19  Marine  
  176  13:20  Marine  
  176  13:22  Marine  
  178  13:28  SCV  
  171  13:35  Marine  
  171  13:37  Marine  
  171  13:38  SCV  
  171  13:39  SCV  
  171  13:40  Marine  
  166  13:41  Marine  
  166  13:42  Refinery  
  166  13:43  SCV  
  166  13:45  SCV  
  128  13:50  SCV  
  128  13:55  SCV, Marauder  
  104  13:56  SCV  
  104  13:57  Starport  
  104  13:58  Marine x2  
  104  14:02  SCV x2, Refinery  
  96  14:03  Marine  
  96  14:07  SCV  
  91  14:10  SCV  
  91  14:14  SCV  
  91  14:15  SCV  
  91  14:16  Marine  
  89  14:18  Marine, Liberator  
  89  14:20  SCV  
  89  14:21  Marine  
  89  14:22  SCV  
  89  14:23  Marine  
  77  14:26  SCV  
  77  14:28  SCV  
  77  14:30  Ghost Academy  
  73  14:32  SCV  
  73  14:35  SCV, Marauder  
  73  14:37  Siege Tank  
  81  14:38  SCV  
  81  14:42  Marine  
  81  14:43  Marine  
  81  14:44  Marine, SCV  
  84  14:46  SCV  
  84  14:48  SCV  
  84  14:50  SCV  
  84  14:52  Barracks  
  87  14:56  Marine, SCV  
  89  15:00  Marine, Orbital Command, Starport  
  89  15:01  Liberator  
  89  15:02  Marine, SCV  
  89  15:03  Marine  
  89  15:05  SCV  
  94  15:08  SCV  
  94  15:13  Marine  
  96  15:14  SCV  
  96  15:15  Armory  
  96  15:18  SCV, Marauder  
  96  15:20  Marine, SCV  
  105  15:24  Marine  
  105  15:27  SCV  
  105  15:28  SCV  
  108  15:30  Engineering Bay  
  108  15:31  Marine  
  108  15:32  SCV  
  110  15:35  Starport Tech Lab  
  110  15:36  SCV  
  110  15:37  Hellion  
  110  15:38  Hellion  
  110  15:39  Marine, Hellion  
  110  15:40  Marine  
  119  15:44  Liberator  
  119  15:46  Marine x2, Engineering Bay  
  113  15:50  Marauder  
  113  15:55  Viking  
  109  15:57  Marine, Marauder  
  109  16:03  Marine, Missile Turret  
  113  16:04  Marine  
  113  16:10  Marine  
  111  16:13  Missile Turret  
  111  16:18  Ghost  
  102  16:19  Marine  
  102  16:22  Marine x2  
  102  16:24  Raven  
  109  16:28  Marine  
  109  16:29  Barracks  
  110  16:39  Marine, Hellion  
  112  16:40  Marine  
  112  16:42  Marine  
  112  16:44  Starport Reactor  
  112  16:46  Ghost  
  117  16:47  Marauder  
  117  16:51  Liberator  
  119  16:58  Siege Tank  
  119  17:00  Siege Tank  
  125  17:02  Marine  
  125  17:08  Liberator, Marauder  
  128  17:10  Liberator  
  128  17:11  Marine  
  128  17:12  Marine  
  119  17:16  Marine, Marauder  
  119  17:20  Marine  
  98  17:29  Marauder  
  105  17:34  Liberator  
  105  17:35  Barracks Tech Lab  
  105  17:37  Marauder  
  105  17:39  Siege Tank  
  105  17:40  Siege Tank  
  105  17:43  Marine  
  114  17:44  Marine  
  114  17:45  Marine  
  114  17:50  Marine  
  117  17:53  Marine  
  121  17:59  Marauder  
  121  18:01  Marine  
  121  18:03  Marine  
  125  18:06  Marine  
  125  18:08  Ghost  
  125  18:09  Viking  
  125  18:11  Ghost  
  132  18:13  Siege Tank  
  132  18:15  Viking  
  132  18:19  Ghost  
  136  18:21  Marine  
  136  18:22  Marine  
  136  18:24  Marine  
  136  18:26  Supply Depot  
  140  18:34  Medivac, Engineering Bay  
  138  18:35  Siege Tank  
  138  18:37  Marine  
  138  18:39  Viking  
  138  18:41  Marine  
  139  18:43  Marine  
  139  18:45  Medivac  
  139  18:46  Siege Tank  
  139  18:47  Marine, Liberator  
  145  18:51  Armory  
  145  18:52  Marauder  
  145  18:55  Marine  
  148  18:59  Marauder  
  150  19:09  Medivac  
  155  19:10  Marine, Missile Turret  
  155  19:12  Marine  
  155  19:15  Marine, Medivac  
  160  19:17  Ghost  
  160  19:21  Marauder  
  160  19:22  Marine  
  167  19:24  Hellion  
  167  19:28  Hellion  
  167  19:30  Liberator  
  152  19:31  Hellion  
  152  19:33  Marine, Marauder  
  152  19:36  Marine  
  147  19:40  Marine  
  147  19:41  Marine, Viking  
  146  19:46  Marine  
  146  19:47  Viking  
  146  19:48  Thor  
  146  19:51  Marine  
  156  19:54  Marine  
  156  19:55  Marine  
  156  19:57  Liberator  
  156  19:58  Thor  
  164  20:02  Marauder  
  164  20:05  Marauder  
  168  20:12  Marauder  
  170  20:19  Hellion  
  170  20:20  Marine  
  176  20:21  Raven  
  176  20:24  Marauder  
  182  20:28  Marauder  
  182  20:30  Viking  
  182  20:33  Ghost  
  186  20:42  Liberator  
  186  20:45  Marauder  
  186  20:49  Ghost  
  177  20:57  Viking  
  190  21:02  Marauder  
  197  21:06  Ghost  
  198  21:17  Ghost  
  200  21:38  Infernal Pre-Igniter, Terran Vehicle Weapons Level 1  
  200  21:43  Combat Shields  
  190  21:48  Hellion  
  190  21:49  Hellion  
  190  21:50  Marauder  
  190  21:51  Ghost  
  190  21:53  Marauder  
  190  21:54  Marine  
  179  21:55  Marine  
  179  21:58  Hellion  
  179  21:59  Marine  
  183  22:06  Terran Infantry Armor Level 2  
  183  22:07  Viking  
  184  22:09  Siege Tank  
  184  22:11  Viking, Marine  
  184  22:13  Marine  
  184  22:14  Marauder  
  193  22:19  Siege Tank  
  193  22:20  Marauder  
  198  22:23  Missile Turret  
  198  22:50  Siege Tank  
  199  22:53  Hellion  
  199  22:56  Hellion  
  199  22:58  Marine  
  173  23:02  Marauder  
  173  23:04  Marine  
  169  23:07  Marine  
  169  23:10  Marine  
  155  23:16  Marauder  
  155  23:19  Hellion  
  139  23:21  Marine, Siege Tank  
  139  23:23  Hellion  
  139  23:25  Viking  
  122  23:27  Viking  
  122  23:31  Marine  
  121  23:36  Unknown  
  121  23:37  Marauder  
  121  23:40  Marauder  
  121  23:41  Marine  
  123  23:42  Marine  
  123  23:46  Siege Tank  
  124  23:49  Marine  
  124  23:52  Thor, Widow Mine  
  124  23:55  Viking  
  133  23:57  Viking  
  133  23:59  Marauder  
  137  24:02  Marauder  
  137  24:05  Marine  
  137  24:08  Marine, Marauder  
  139  24:10  Liberator  
  139  24:18  Hellion  
  139  24:20  Marauder  
  139  24:22  Hellion  
  145  24:25  Viking  
  145  24:28  Marauder  
  152  24:36  Siege Tank  
  152  24:38  Liberator  
  155  24:39  Marauder  
  155  24:44  Marauder  
  159  24:53  Marauder  
  164  25:00  Marauder  
  164  25:05  Marauder  
  164  25:06  Hellion  
  170  25:08  Engineering Bay  
  170  25:09  Hellion  
  172  25:14  Marauder  
  167  25:22  Marauder  
  167  25:24  Marine  
  167  25:25  Unknown  
  167  25:27  Marauder  
  167  25:28  Hellion  
  171  25:36  Marauder  
  172  25:43  Marauder  
  172  25:45  Marine  
  172  25:48  Marauder  
  172  25:49  Marine  
  175  25:57  Marauder  
  171  26:04  Marauder  
  171  26:05  Medivac  
  171  26:10  Marauder  
  169  26:11  Marine  
  169  26:12  Medivac  
  169  26:15  Hellion  
  169  26:16  Marine  
  169  26:18  Marine  
  131  26:20  Siege Tank  
  131  26:25  Marine  
  119  26:30  Marine  
  119  26:32  Marine  
  116  26:35  Marine  
  116  26:36  Marine, Siege Tank  
  114  26:43  Marine  
  113  26:48  Marine  
  113  26:50  Marine  
  113  26:53  Marine  
  113  26:54  Marine  
  100  27:16  Marauder  
  100  27:20  Marine  
  103  27:24  Marine  
  103  27:28  Marine  
  105  27:33  Marine  
  106  27:37  Marine  
  109  27:44  Marauder  
  109  27:52  Marauder  
  111  28:03  Marauder  
  113  28:16  Marauder  
  115  28:28  Marauder  
  115  28:32  Marauder  
  119  28:40  Marine  
  109  28:43  Marine  
  90  28:51  Marine  
  69  28:58  Marine  
  62  29:05  Marine  
  63  29:10  Marine  
  63  29:14  Marine  
  47  30:04  Marine  
  46  30:17  Marine  
  47  30:24  Marine  
    31:54  SCV  
  1  32:53  SCV  
Show
View Real Time Build Order
Export as new Build Order

A.I. 6 (Elite) Terran 

Build Orders: Bio Tank 

Get SALT Encoding   

  12  0:01  SCV  
  13  0:13  SCV  
  14  0:19  Supply Depot  
  14  0:25  SCV  
  15  0:30  Refinery  
  15  0:41  SCV  
  16  0:49  Barracks  
  16  0:53  SCV  
  17  1:05  SCV  
  17  1:10  Supply Depot  
  18  1:17  SCV  
  19  1:29  SCV  
  20  1:38  Factory  
  20  1:39  Marine  
  21  1:47  SCV, Barracks  
  22  1:56  Marine  
  22  1:59  SCV  
  24  2:04  Supply Depot  
  24  2:12  SCV  
  24  2:14  Marine  
  26  2:23  Factory Tech Lab  
  26  2:24  SCV  
  27  2:32  Marine  
  27  2:36  SCV  
  29  2:38  Marine  
  29  2:42  Siege Tank  
  33  2:48  SCV  
  33  2:50  Marine  
  35  3:00  SCV  
  35  3:01  Refinery  
  36  3:12  Marine  
  37  3:13  Orbital Command, Factory  
  37  3:39  SCV  
  38  3:46  Command Center  
  38  3:51  SCV  
  38  3:52  Supply Depot  
  39  3:57  Factory Tech Lab  
  39  4:14  SCV  
  40  4:26  Siege Tank, SCV  
  44  4:38  SCV  
  44  4:50  SCV  
  44  4:51  Barracks  
  45  4:56  Supply Depot  
  45  4:57  SCV  
  45  4:58  Marine, Siege Tank  
  50  5:02  SCV  
  50  5:05  Barracks Tech Lab  
  51  5:09  SCV  
  52  5:14  SCV  
  52  5:16  Marine  
  54  5:21  SCV  
  54  5:23  Marine  
  54  5:26  SCV  
  57  5:34  Marine  
  58  5:37  Stimpack  
  58  5:41  Barracks Tech Lab, Starport, Marauder  
  60  5:47  Supply Depot  
  60  5:48  Command Center  
  60  5:51  Marine  
  61  6:00  Marauder  
  61  6:02  Marauder  
  65  6:10  Barracks Reactor  
  65  6:18  Medivac  
  67  6:21  Marauder  
  67  6:24  Marauder  
  71  6:26  Supply Depot  
  71  6:29  Combat Shields  
  71  6:42  Marauder  
  71  6:45  Marauder  
  75  6:47  Engineering Bay  
  75  6:51  Supply Depot  
  75  7:02  SCV  
  75  7:04  SCV, Marauder  
  75  7:07  Marauder  
  82  7:08  SCV  
  82  7:14  Terran Infantry Weapons Level 1, SCV  
  83  7:25  Marauder  
  83  7:28  Marauder  
  87  7:36  Hellion  
  89  7:39  Hellion  
  89  7:42  Supply Depot  
  91  7:46  Marauder  
  91  7:49  Marauder  
  95  7:55  Refinery  
  95  7:57  Hellion  
  97  8:00  Siege Tank  
  100  8:08  Supply Depot, Marauder  
  100  8:11  Marauder  
  104  8:15  Refinery  
  104  8:18  Siege Tank  
  107  8:29  Marauder  
  107  8:32  Siege Tank, Marauder  
  107  8:33  Supply Depot  
  114  8:40  Command Center  
  114  8:51  Marauder  
  114  8:53  Marauder  
  118  8:55  SCV  
  118  9:01  SCV  
  118  9:02  Supply Depot  
  120  9:07  Viking  
  122  9:12  Marauder  
  124  9:34  Hellion  
  124  9:35  Supply Depot  
  124  9:37  Viking  
  124  9:38  Hellion  
  130  9:54  SCV  
  130  9:55  Siege Tank  
  130  9:57  SCV  
  130  9:59  Siege Tank, SCV  
  137  10:02  SCV  
  137  10:07  Marine, Viking, SCV  
  128  10:09  Marine  
  128  10:10  Marine  
  128  10:12  Marine  
  128  10:14  SCV  
  115  10:17  SCV  
  115  10:19  SCV  
  115  10:21  SCV  
  114  10:24  Marine  
  114  10:26  SCV  
  114  10:27  Marine  
  114  10:28  Hellion  
  116  10:29  Marauder  
  116  10:30  Marine  
  116  10:31  SCV  
  116  10:34  SCV  
  111  10:36  SCV  
  111  10:37  Viking  
  111  10:39  SCV  
  111  10:42  Marine  
  100  10:43  SCV  
  100  10:44  Marine  
  100  10:46  SCV  
  100  10:49  SCV, Marauder  
  107  10:50  Marauder  
  107  10:52  SCV  
  107  10:55  SCV  
  111  11:00  Marine, Hellion  
  111  11:03  Siege Tank  
  117  11:05  Marine  
  117  11:10  Marauder  
  120  11:11  Marauder  
  120  11:13  Liberator  
  120  11:18  Marine  
  123  11:22  Hellion  
  125  11:31  Marauder  
  129  11:33  Marauder  
  129  11:36  Hellion  
  129  11:38  SCV  
  134  11:40  Supply Depot  
  134  11:43  Siege Tank  
  137  11:53  Marauder  
  139  11:54  Marauder  
  139  11:56  Liberator  
  139  11:57  Siege Tank  
  144  12:02  Refinery  
  144  12:07  Supply Depot  
  144  12:08  Refinery  
  144  12:14  Marauder  
  144  12:15  Siege Tank  
  152  12:16  Marauder  
  152  12:22  Engineering Bay  
  154  12:29  Siege Tank, SCV  
  158  12:33  SCV  
  158  12:35  SCV, Marauder  
  158  12:36  Supply Depot  
  162  12:37  Marauder  
  162  12:39  Liberator  
  164  12:47  Siege Tank  
  167  12:55  Command Center  
  170  12:59  Marauder  
  170  13:01  Siege Tank  
  175  13:09  Marauder  
  177  13:22  Orbital Command  
  171  13:28  SCV  
  171  13:30  SCV  
  159  13:36  Supply Depot  
  159  13:38  Medivac  
  157  13:44  SCV  
  158  13:55  SCV  
  151  13:57  Marauder  
  151  13:58  SCV  
  151  14:00  Marauder  
  151  14:01  SCV  
  138  14:06  SCV  
  138  14:07  Marine, SCV  
  138  14:09  Marine  
  129  14:10  Starport Tech Lab  
  129  14:11  SCV  
  129  14:12  Hellion  
  129  14:14  Liberator, SCV  
  113  14:18  Marine  
  113  14:19  Hellion  
  113  14:20  Marine  
  113  14:23  SCV  
  103  14:25  Marine  
  103  14:26  SCV  
  103  14:27  Marine  
  103  14:28  SCV  
  104  14:32  SCV  
  104  14:36  SCV, Marauder  
  104  14:37  Hellion  
  102  14:38  SCV, Command Center  
  102  14:40  Hellion  
  102  14:41  SCV  
  97  14:47  Marine  
  97  14:48  SCV, Marauder  
  97  14:50  SCV  
  97  14:51  Marine  
  97  14:52  SCV  
  104  14:54  SCV  
  104  14:56  Liberator  
  104  14:57  Refinery, Marauder  
  104  14:58  Siege Tank  
  110  15:00  SCV  
  110  15:02  Siege Tank  
  110  15:03  SCV  
  110  15:05  Factory, SCV  
  110  15:06  SCV  
  117  15:10  Marauder  
  117  15:12  SCV  
  123  15:15  SCV  
  123  15:17  SCV  
  123  15:18  Marine, Refinery  
  123  15:19  Marauder  
  123  15:20  SCV  
  129  15:21  Marine  
  130  15:31  Siege Tank, Marauder  
  130  15:35  Missile Turret  
  135  15:37  Siege Tank  
  135  15:40  Armory, Marauder  
  140  15:51  Hellion  
  140  15:52  Marauder, Refinery  
  144  16:00  SCV  
  144  16:02  Marauder  
  144  16:03  Hellion  
  148  16:05  Armory  
  148  16:09  Siege Tank  
  151  16:14  Marauder  
  153  16:23  Marauder  
  155  16:26  Thor  
  155  16:30  Raven  
  155  16:35  SCV, Marauder  
  155  16:36  Marine, Refinery  
  155  16:37  Marine  
  156  16:44  Marine  
  156  16:45  SCV  
  152  16:50  SCV  
  152  16:51  Siege Tank  
  152  16:54  Marine  
  153  16:56  SCV, Marauder  
  153  16:57  Marine  
  153  16:58  SCV  
  156  17:01  Hellion  
  156  17:02  Marine, SCV  
  156  17:07  SCV  
  148  17:09  SCV  
  148  17:10  SCV  
  148  17:11  Siege Tank  
  148  17:12  SCV  
  148  17:13  Raven  
  149  17:17  Marine  
  149  17:20  Marauder  
  149  17:21  Marauder  
  154  17:23  Factory Tech Lab  
  154  17:27  Hellion  
  156  17:41  Marauder  
  156  17:42  Marauder  
  156  17:43  Thor, Siege Tank  
  169  17:49  Hellion  
  171  17:56  Medivac  
  173  18:03  Marauder  
  173  18:04  Marauder  
  177  18:09  Liberator  
  177  18:10  Hellion  
  179  18:15  Siege Tank  
  182  18:20  Fusion Core  
  182  18:24  Marauder  
  187  18:36  Marine  
  188  18:51  Missile Turret  
  188  18:52  Liberator  
  188  18:59  Orbital Command, Missile Turret  
  188  19:06  Marine  
  188  19:07  Marine, Missile Turret  
  188  19:08  Marine  
  194  19:14  Missile Turret  
  194  19:28  Marine  
  194  19:29  Marine  
  194  19:30  Marine  
  181  19:32  Marine  
  170  19:46  Marine  
  170  19:47  Marine  
  170  19:49  Marauder  
  170  19:50  Marauder  
  151  19:55  Hellion  
  151  19:56  Hellion  
  151  19:58  Hellion  
  151  20:00  Viking  
  151  20:05  Marine  
  148  20:10  Marauder  
  148  20:13  Marauder  
  152  20:14  Marine  
  152  20:19  Hellion  
  155  20:27  Missile Turret  
  155  20:31  Marine, Battlecruiser  
  155  20:32  Marauder  
  155  20:33  Barracks  
  155  20:34  Marauder  
  166  20:36  Marine  
  167  20:47  Hellion  
  167  20:49  Siege Tank  
  166  20:56  Marauder  
  168  20:58  Marauder  
  168  21:02  Marine  
  168  21:04  Marine  
  159  21:06  Missile Turret  
  155  21:17  Marauder  
  157  21:22  Marauder  
  159  21:26  Marine  
  159  21:29  Marine  
  159  21:32  Marine  
  162  21:35  Viking  
  166  21:40  Marauder  
  166  21:44  Marauder  
  166  21:45  Missile Turret  
  168  22:02  Marauder  
  168  22:04  Viking  
  168  22:06  Marauder  
  174  22:17  Liberator  
  174  22:23  Marauder  
  176  22:30  Planetary Fortress, Barracks  
  179  22:39  Missile Turret  
  179  22:47  Missile Turret  
  174  22:52  Marauder  
  174  22:53  Marine  
  174  22:55  Marine  
  174  22:57  Marine, Missile Turret  
  179  22:59  Hellion  
  179  23:02  Starport  
  179  23:13  Barracks Tech Lab  
  179  23:14  Marauder  
  179  23:16  Marauder  
  179  23:17  Viking  
  179  23:19  Marine  
  173  23:22  Liberator  
  173  23:24  Marine  
  173  23:26  Marine  
  146  23:30  Liberator  
  146  23:31  Marauder  
  143  23:35  Marine  
  143  23:37  Marauder  
  144  23:41  Marine  
  144  23:45  Marine, Unknown  
  144  23:46  Unknown  
  120  23:48  Marine  
  120  23:53  Marine, Marauder  
  119  23:59  Marine, Marauder  
  122  24:04  Marine  
  122  24:07  Marine  
  124  24:14  Marine  
  124  24:16  Marauder  
  127  24:17  Marine, Ghost Academy  
  127  24:20  Marauder  
  127  24:22  Marine  
  127  24:24  Starport Reactor  
  131  24:25  Marine  
  131  24:30  Viking  
  134  24:31  Marine  
  134  24:37  Marauder  
  134  24:38  Marine  
  138  24:42  Marauder  
  138  24:43  Marine  
  141  24:46  Marine  
  141  24:50  Marauder  
  144  24:55  Marine  
  144  24:58  Marauder  
  147  25:00  Raven  
  147  25:01  Marine  
  147  25:02  Siege Tank  
  147  25:04  Siege Tank  
  156  25:13  Marauder  
  158  25:18  Viking  
  158  25:19  Viking  
  162  25:33  Ghost  
  164  25:38  Marauder  
  166  25:43  Viking, Siege Tank  
  166  25:44  Siege Tank  
  166  25:48  Viking  
  176  25:52  Medivac  
  176  25:56  Liberator  
  178  26:05  Liberator  
  178  26:15  Siege Tank  
  178  26:18  Viking  
  189  26:47  Liberator  
  189  26:48  Medivac  
  191  26:56  Battlecruiser  
  200  27:41  Concussive Shells  
  200  27:43  Terran Infantry Armor Level 1  
  200  27:45  Terran Vehicle Weapons Level 1  
  200  27:49  Terran Vehicle And Ship Armor Level 1, Terran Infantry Weapons Level 2  
  200  28:24  Raven  
  197  28:37  Medivac  
  197  28:41  Medivac  
  194  28:45  Marauder  
  194  28:46  Marauder  
  194  28:47  Marine  
  167  28:49  Marine  
  167  28:50  Marine  
  141  29:05  Marine  
  141  29:06  Marauder  
  141  29:07  Marine, Battlecruiser, Medivac  
  141  29:08  Marauder  
  141  29:09  Marine  
  145  29:21  Siege Tank  
  145  29:23  Marine  
  149  29:26  Marine  
  149  29:27  Marauder  
  149  29:38  Marine  
  143  29:46  Marine  
  143  29:50  Marine  
  145  29:53  Marine  
  145  29:57  Marauder  
  140  30:09  Marauder  
  140  30:10  Marine  
  140  30:11  Battlecruiser  
  140  30:13  Marine  
  150  30:18  Marauder  
  150  30:19  Marine  
  151  30:26  Terran Infantry Weapons Level 3  
  151  30:27  Terran Vehicle Weapons Level 2  
  151  30:30  Marauder  
  153  30:39  Marauder  
  152  30:47  Marine  
  151  30:51  Marine  
  151  30:52  Marauder  
  151  31:17  Weapon Refit  
  151  31:25  Marine  
  151  31:31  Marine  
  150  31:41  Marauder  
  152  32:05  Marauder  
  150  32:23  Marine  
  151  32:42  Siege Tank  
  154  32:48  Marine  
  153  32:59  Marine  
  153  33:37  Terran Infantry Armor Level 2  
  153  33:50  Marine  
  154  34:13  Siege Tank  
  157  35:19  Widow Mine  
  159  35:30  Widow Mine  
  161  35:51  Raven  
Tags
 
Add a new tag
Caveats
  • Supply blocks, unpowered buildings, or Contaminate may cause inaccurate times.
  • Supply counts are checked every 10 seconds.